 Dungeon Crawl Stone Soup version 0.25.1-2-g60ff931df9 (webtiles) character file.

Game seed: 17036506121033339515

90982 RaHiT the Bewitcher (level 15, -18/69 HPs)
             Began as a Felid Artificer on Sept 17, 2020.
             Was a High Priest of Nemelex Xobeh.
             Killed themself with a badly aimed burst of rock shards (21 damage)
             ... on level 2 of the Shoals on Sept 18, 2020.
             The game lasted 08:18:40 (66197 turns).

RaHiT the Bewitcher (Felid Artificer)              Turns: 66197, Time: 08:18:40

Health: -18/69     AC:  3    Str:  8    XL:     15   Next: 16%
Magic:  11/29      EV: 33    Int: 18    God:    Nemelex Xobeh [*****.]
Gold:   1083       SH:  0    Dex: 23    Spells: 1/32 levels left
                                        Lives:  0   Deaths: 5

rFire    + . .     SeeInvis +     - Unarmed
rCold    + + .     Gourm    .   (shield unavailable)
rNeg     . . .     Faith    .   (armour unavailable)
rPois    +         Spirit   .   (helmet unavailable)
rElec    .         Reflect  .   (cloak unavailable)
rCorr    .         Harm     .   (gloves unavailable)
MR       ++...                  (boots unavailable)
Stlth    +++++++...             (no amulet)
HPRegen  0.21/turn              F - ring of Daffodils {Wiz *Contam rPois rF+ rC+ Dex+5}
MPRegen  0.21/turn              s - +4 ring of slaying

@: confusing touch, mesmerised, very slightly contaminated, invisible, quick
A: very small, no armour, no weapons or thrown items, stealth, claws 1, fangs 3,
see invisible, carnivore, speed 1, shaggy fur 3, slow metabolism 1, sharp paws
}: 1/15 runes: gossamer
a: Draw Escape, Draw Destruction, Draw Summoning, Triple Draw, Deal Four, Stack
Five, Renounce Religion


You were on level 2 of the Shoals.
You worshipped Nemelex Xobeh.
Nemelex Xobeh was extremely pleased with you.
You were very full.

You visited 6 branches of the dungeon, and saw 30 of its levels.
You visited 2 bazaars.
You also visited: Ice Cave.

You collected 3514 gold pieces.
You spent 2431 gold pieces at shops.

Inventory:

Missiles
 o - 521 stones
Jewellery
 a - an uncursed ring of protection from magic
 j - an uncursed ring of magical power
 s - a +4 ring of slaying (right paw)
 y - an uncursed ring of fire
 z - an uncursed ring of protection from fire
 F - the ring of Daffodils (left paw) {Wiz *Contam rPois rF+ rC+ Dex+5}
   (You found it on level 14 of the Dungeon)

   [ring of wizardry]

   It improves your spell success rate.
   It affects your dexterity (+5).
   It protects you from fire.
   It protects you from cold.
   It protects you from poison.
   It causes magical contamination when unequipped.
 I - a +6 ring of dexterity
 P - a cursed -4 ring of intelligence {unknown}
Wands
 b - a wand of enslavement (5)
 f - a wand of disintegration (3)
 B - a wand of digging (5)
 C - a wand of random effects (1)
 G - a wand of acid (13)
 H - a wand of paralysis (13)
Scrolls
 e - 2 scrolls of vulnerability
 h - 20 scrolls of remove curse
 i - 8 scrolls of teleportation
 l - a scroll of magic mapping
 r - 4 scrolls of amnesia
 u - 3 scrolls of fear
 v - 6 scrolls of blinking
 w - a scroll of random uselessness {unknown}
 D - a scroll of noise {unknown}
 K - a scroll of holy word {unknown}
 N - 3 scrolls of fog
 O - 2 scrolls of torment
Potions
 c - 5 potions of might
 g - 7 potions of flight
 k - 8 potions of brilliance
 m - 2 potions of berserk rage
 n - 3 potions of resistance
 p - 10 potions of curing
 q - 4 potions of lignification
 t - 2 potions of ambrosia
 x - 2 potions of magic
 A - a potion of haste
 E - 4 potions of heal wounds
 J - 5 potions of stabbing
 L - a potion of invisibility
 M - 3 potions of mutation
Miscellaneous
 Q - a tin of tremorstones (3/3)
Comestibles
 d - 44 rations


   Skills:
 - Level 10.0 Fighting
 - Level 15.0 Dodging
 - Level 16.0 Stealth
 - Level 10.0 Unarmed Combat
 - Level 9.0 Spellcasting
 - Level 4.0 Conjurations
 - Level 16.0 Hexes
   Level 3.0 Summonings
 - Level 5.0 Translocations
 + Level 3.9 Transmutations
 - Level 4.0 Air Magic
 - Level 9.0 Earth Magic
 - Level 4.0 Poison Magic
 - Level 10.0 Invocations
 - Level 11.0 Evocations


You had one spell level left.
You knew the following spells:

 Your Spells              Type           Power        Failure   Level  Hunger
a - Sandblast             Erth           #####.       1%          1    None
b - Blink                 Tloc           N/A          1%          2    None
c - Slow                  Hex            ######..     0%          2    None
d - Mephitic Cloud        Conj/Pois/Air  ###.....     1%          3    None
e - Confusing Touch       Hex            ######..     1%          3    None
f - Magic Dart            Conj           ###.         1%          1    None
h - Invisibility          Hex            ######..     1%          6    ######.
l - Lee's Rapid Deconstr  Erth           #####.....   2%          5    #####..
o - Apportation           Tloc           ####..       1%          1    None
p - Petrify               Tmut/Erth      ####....     2%          4    ###....
t - Tukima's Dance        Hex            ######..     1%          3    None

Your spell library contained the following spells:

 Spells                   Type           Power        Failure   Level  Hunger
 Summon Butterflies       Summ           ###.....     1%          1    None
 Summon Small Mammal      Summ           ###.         1%          1    None
 Freeze                   Ice            #...         3%          1    None
 Infusion                 Chrm           #...         3%          1    None
 Call Imp                 Summ           ###.....     1%          2    None
 Passwall                 Tmut/Erth      ####....     1%          2    None
 Shroud of Golubria       Chrm/Tloc      ###...       1%          2    None
 Gell's Gravitas          Tloc           ####......   1%          3    None
 Lesser Beckoning         Tloc           ####......   1%          3    None
 Stone Arrow              Conj/Erth      ####..       1%          3    None
 Summon Guardian Golem    Hex/Summ       #####...     1%          3    None
 Silence                  Hex/Air        #####.....   1%          5    #####..
 Yara's Violent Unravell  Hex/Tmut       #####.....   1%          5    #####..
 Call Canine Familiar     Summ           ###.....     3%          3    None
 Metabolic Englaciation   Hex/Ice        #####.....   3%          5    #####..
 Conjure Flame            Conj/Fire      ###.....     4%          3    None
 Song of Slaying          Chrm           #.......     5%          2    None
 Summon Lightning Spire   Summ/Air       ###.....     9%          4    ###....
 Frozen Ramparts          Ice            #.....       11%         3    None
 Ozocubu's Armour         Chrm/Ice       #.......     11%         3    None
 Hailstorm                Conj/Ice       ###.....     16%         4    ###....
 Summon Ice Beast         Ice/Summ       ##......     19%         4    ###....
 Alistair's Intoxication  Tmut/Pois      ###.....     19%         5    #####..
 Irradiate                Conj/Tmut      ###.......   19%         5    #####..
 Statue Form              Tmut/Erth      ####.....    34%         6    ######.
 Conjure Ball Lightning   Conj/Air       ###.......   67%         6    ######.
 Hydra Form               Tmut           ###.......   69%         6    ######.
 Dragon Form              Tmut           ###.......   99%         7    #######
 Tornado                  Air            ###.......   100%        9    #######
 Spectral Weapon          Hex/Chrm       Unusable     N/A         3    N/A

Dungeon Overview and Level Annotations

Branches:
Dungeon (15/15)            Temple (1/1) D:6            Lair (6/6) D:9
 Shoals (2/4) Lair:4       Spider (4/4) Lair:2        Slime (0/5) Lair:6
    Orc (2/2) D:12            Elf (0/3) Orc:2        Vaults (0/5) D:14
 Depths (0/5) D:15          IceCv (visited)

Altars:
Ashenzari
Cheibriados
Dithmenos
Elyvilon
Fedhas
Gozag
Hepliaklqana
Kikubaaqudgha
Makhleb
Nemelex Xobeh
Okawaru
Qazlal
Ru
Sif Muna
Trog
Uskayaw
Vehumet
Wu Jian
Xom
Yredelemnul
Zin
The Shining One
Beogh
Jiyva

Shops:
D:4 !   D:7 (   D:8 :   Orc:2 !*=::

Annotations:
D:13 3 runed translucent doors, Faiv's ghost, journeyman DrFE
D:14 exclusion: obsidian statue
Shoals:2 infcreate's ghost, adept HuBe


Innate Abilities, Weirdness & Mutations

You cannot wear armour.
You are incapable of wielding weapons or throwing items.
Your paws allow you to move quietly. (Stealth)
You have sharp claws.
You have razor-sharp teeth.
You have supernaturally acute eyesight. (SInv)
You are carnivorous and can eat meat at any time.
You cover ground quickly.
Your thick and shaggy fur keeps you warm. (AC +3, rC+)
You have a slow metabolism.
Your sharp claws are effective at attacking unaware monsters.


Message History

The burst of rock shards engulfs the merfolk avatar.
The burst of rock shards engulfs infcreate's ghost but does no damage.
Infcreate's ghost turns its malevolent gaze towards you.
The burst of rock shards engulfs you!
The burst of rock shards engulfs the merfolk!
The burst of rock shards engulfs infcreate's ghost but does no damage.
The burst of rock shards engulfs the merfolk!
The burst of rock shards engulfs the merfolk avatar!!
The burst of rock shards engulfs infcreate's ghost but does no damage.
The burst of rock shards engulfs the merfolk!!
The burst of rock shards engulfs the merfolk avatar!!
The burst of rock shards engulfs you!!
* * * LOW HITPOINT WARNING * * *
The burst of rock shards engulfs infcreate's ghost but does no damage.
The burst of rock shards engulfs the merfolk!!
You kill the merfolk!
The burst of rock shards engulfs the merfolk avatar!
The burst of rock shards engulfs you!!
You die...
Your body glows with a rainbow of weird colours and disappears.

≈≈...P.PP≈P≈≈≈≈≈≈≈≈...........≈≈≈
≈.P)...P...≈≈≈≈≈≈..............≈≈
≈.........P.≈≈≈≈................≈
............P≈≈≈.>..............<
.......P..............#########..
......P..............≈..........≈
........P.............###.⌠.###.≈
...........P..≈..§......##∩##...≈
................@mW......###.....
....##'##.....≈≈.................
...,#.≈.#P..<≈≈≈......≈≈........≈
..,,#.≈.#....≈≈≈.........≈..≈≈.≈≈
≈,,,#.≈.#...≈≈≈≈≈........≈≈≈≈≈≈≈≈
,,≈,#.≈.#..≈≈≈≈≈.........≈≈.≈≈≈≈≈
,≈≈≈#((|##...≈.......≈≈≈≈≈...≈≈≈≈
,≈≈≈######>......#....≈≈≈≈≈.≈≈≈≈≈
≈≈≈≈≈,* #..≈≈.....≈.≈≈≈≈≈≈≈≈≈≈≈≈


You could see a merfolk avatar (mesmerising) and infcreate's ghost.

Vanquished Creatures
  Rupert (D:12)
  Agnes (Spider:4)
  A kraken (Shoals:2)
  An azure jelly (Lair:6)
  6 ghost moths
  7 emperor scorpions
  2 very ugly things (IceCv)
  An entropy weaver (Lair:2)
  2 spark wasps
  Snorg (D:13)
  A merfolk impaler (Shoals:1)
  3 hydras
  8 vault guards
  A merfolk avatar (Shoals:1)
  4 centaur warriors
  Erica (D:8)
  A merfolk aquamancer (Shoals:1)
  8 two-headed ogres
  An ogre mage (D:15)
  3 tengu warriors
  A titan skeleton (D:15)
  2 skeletal warriors
  4 unseen horrors
  2 sea snakes (Shoals:1)
  Pikel (D:4)
  A necromancer (D:15)
  A phantasmal warrior (D:15)
  22 orb spiders
  2 iron dragon zombies (D:15)
  A lindwurm (Lair:6)
  5 orc knights
  28 wolf spiders
  An orc sorcerer (Orc:2)
  3 deep elf magi
  7 cyclopes
  11 ugly things
  4 manticores
  A moth of wrath (Spider:3)
  5 elephants
  3 black mambas (Lair:6)
  A water nymph (Shoals:1)
  5 ice statues (IceCv)
  2 torpor snails
  2 gargoyles
  10 spiny frogs
  5 rime drakes
  18 demonic crawlers
  7 komodo dragons
  2 yaktaurs
  A redback zombie (D:14)
  2 tengu conjurers (D:15)
  An anaconda simulacrum (IceCv)
  A golden dragon simulacrum (IceCv)
  4 merfolk
  3 meliai (D:15)
  33 jumping spiders
  12 hornets
  4 trolls
  Prince Ribbit (D:6)
  10 blink frogs
  2 snapping turtles (Shoals:1)
  3 dream sheep (Lair:6)
  4 slime creatures (D:12)
  11 hippogriffs
  36 tarantellas
  Sigmund (D:5)
  66 redbacks
  3 water elementals
  2 wraiths (D:13)
  A shadow (D:10)
  53 yaks
  4 basilisks
  5 wyverns
  3 hogs (D:8)
  A human (D:9)
  3 hungry ghosts
  6 vampire mosquitoes
  Grum (D:8)
  Eustachio (D:5)
  A warg (Orc:1)
  Menkaure (D:4)
  Edmund (D:3)
  2 soldier ants (D:12)
  An acid dragon (D:11)
  A harpy simulacrum (IceCv)
  7 water moccasins
  A hydra simulacrum (IceCv)
  4 porcupines
  36 orc warriors
  A nameless horror (Spider:3)
  10 ice beasts
  5 phantoms
  2 sky beasts
  A black bear (D:7)
  2 eyes of draining
  A hornet zombie (D:15)
  A necrophage (D:10)
  14 wolves
  21 ogres
  22 centaurs
  10 crocodiles
  4 big kobolds
  2 gnoll sergeants
  13 bullfrogs
  A wyvern zombie (D:9)
  12 scorpions
  20 killer bees
  11 wights
  2 electric eels
  3 centaur zombies
  5 howler monkeys
  A bullfrog zombie (D:11)
  9 crimson imps
  10 jellies
  6 hounds
  30 orc wizards
  4 centaur skeletons
  3 gnoll shamans
  23 orc priests
  4 iguanas
  A bullfrog skeleton (D:11)
  9 worker ants
  2 hound skeletons
  3 mummies (D:11)
  A howler monkey zombie (D:9)
  3 worker ant zombies
  20 gnolls
  2 howler monkey skeletons (D:5)
  16 adders
  2 shadow imps
  A white imp (D:7)
  8 oozes
  An adder skeleton (D:5)
  2 worms
  5 leopard geckos
  91 orcs
  A giant cockroach (D:3)
  3 goblins
  4 hobgoblins
  6 jackals
  3 quokkas
  A ball python skeleton (D:6)
  2 bats
  A frilled lizard (D:3)
  23 kobolds
  5 rats
  A fungus (D:11)
  A plant (Shoals:1)
1015 creatures vanquished.

Vanquished Creatures (collateral kills)
  Frances (Spider:2)
  Gastronok (Lair:2)
  An entropy weaver (Spider:3)
  A minotaur (Lair:6)
  A hydra (Lair:6)
  A centaur warrior (D:15)
  3 orc high priests (Orc:2)
  2 orc knights (Orc:2)
  A wolf spider (Spider:2)
  2 orc sorcerers (Orc:2)
  A black mamba (Lair:6)
  A spiny frog (Lair:4)
  A spriggan zombie (D:15)
  A golden dragon simulacrum (IceCv)
  A komodo dragon (Lair:2)
  A meliai (D:8)
  A merfolk (Shoals:1)
  A hornet (Spider:4)
  A slime creature (D:12)
  3 redbacks
  A tarantella (Spider:2)
  2 yaks (D:8)
  A basilisk (Lair:2)
  A dire elephant simulacrum (IceCv)
  An iron troll simulacrum (IceCv)
  A warg (Orc:2)
  2 hydra simulacra (IceCv)
  A water moccasin (Lair:2)
  2 orc warriors (Orc:1)
  2 porcupines
  An ogre (Orc:1)
  A phantom (D:4)
  A wolf (Lair:6)
  2 killer bees (D:8)
  3 orc wizards
  An orc priest (Orc:1)
  An iguana (D:5)
  A howler monkey skeleton (D:4)
  6 orcs (D:4)
57 creatures vanquished.

Vanquished Creatures (others)
  A death yak (Lair:6)
  A dancing weapon (D:15)
  A hippogriff (D:15)
  A slave (D:4)
  3 killer bees (D:8)
  A hound (D:4)
  2 orc priests (Orc:2)
  An orc wizard (Orc:2)
  15 fungi
  4 plants
  8 tentacles
  8 withered plants
46 creatures vanquished.

Grand Total: 1118 creatures vanquished

Notes
Turn   | Place    | Note
-------+----------+-------------------------------------------
     0 | D:1      | RaHiT the Felid Artificer began the quest for the Orb.
     0 | D:1      | Reached XP level 1. HP: 9/9 MP: 4/4
   662 | D:1      | Reached XP level 2. HP: 10/12 MP: 5/5
  1019 | D:2      | Found a sparkling altar of Nemelex Xobeh.
  1021 | D:2      | Found a stormy altar of Qazlal.
  1022 | D:2      | Found an ornate altar of the Wu Jian Council.
  1022 | D:2      | Found a shimmering blue altar of Sif Muna.
  1023 | D:2      | Found a snail-covered altar of Cheibriados.
  1027 | D:2      | Became a worshipper of Nemelex Xobeh the Trickster
  1127 | D:2      | Received a gift from Nemelex Xobeh
  1336 | D:3      | Reached XP level 3. HP: 15/15 MP: 6/6
  1672 | D:3      | You fall into a shaft and drop 2 floors!
  1672 | D:5      | Entered Level 5 of the Dungeon
  1688 | D:4      | Noticed Menkaure
  1788 | D:5      | Reached skill level 1 in Invocations
  1847 | D:5      | Reached skill level 1 in Spellcasting
  1847 | D:5      | Reached XP level 4. HP: 18/19 MP: 7/7
  2115 | D:5      | Reached XP level 5. HP: 22/23 MP: 8/8
  2173 | D:5      | Noticed Duvessa
  2173 | D:5      | Noticed Dowan
  2201 | D:5      | Reached * piety under Nemelex Xobeh
  2370 | D:4      | Noticed a hippogriff
  2377 | D:4      | Killed a hippogriff
  2377 | D:4      | Reached skill level 5 in Stealth
  2377 | D:4      | Gained mutation: You are covered in thick fur. (AC +2)
                  | [Felid growth]
  2377 | D:4      | Reached XP level 6. HP: 24/28 MP: 9/9
  2766 | D:4      | Noticed Edmund
  2818 | D:3      | Killed Edmund
  2818 | D:3      | Reached XP level 7. HP: 14/31 MP: 10/10
  3249 | D:4      | Received a gift from Nemelex Xobeh
  3417 | D:4      | Found Susikk's Distillery.
  3420 | D:4      | Bought a potion of degeneration for 13 gold pieces
  3420 | D:4      | Bought a potion of curing for 39 gold pieces
  3577 | D:4      | Killed Menkaure
  3577 | D:4      | Reached skill level 5 in Unarmed Combat
  3947 | D:4      | Noticed Pikel
  4206 | D:4      | Killed Pikel
  4206 | D:4      | Reached XP level 8. HP: 11/36 MP: 12/12
  4681 | D:5      | Noticed Dowan
  4681 | D:5      | Dowan changed into Dowan the killer bee
  4681 | D:5      | Noticed Duvessa
  4681 | D:5      | Duvessa changed into Duvessa the iguana
  4685 | D:5      | Killed Duvessa the iguana
  4956 | D:5      | Killed Dowan the killer bee
  5277 | D:5      | Slain by an ogre
  5278 | D:5      | Reached XP level 7. HP: -4/32 MP: 11/11
  5295 | D:5      | Found a hazy altar of Hepliaklqana.
  5298 | D:5      | Noticed Sigmund
  5300 | D:5      | Killed Sigmund
  5300 | D:5      | Reached skill level 5 in Fighting
  5397 | D:5      | Found an iron altar of Okawaru.
  5398 | D:5      | Found a sacrificial altar of Ru.
  5470 | D:5      | Reached XP level 8. HP: 37/37 MP: 12/12
  5588 | D:5      | Reached skill level 5 in Evocations
  5903 | D:6      | Found a staircase to the Ecumenical Temple.
  5911 | Temple   | Entered the Ecumenical Temple
  6516 | D:6      | Noticed Eustachio
  7329 | D:6      | Noticed Prince Ribbit
  7482 | D:6      | Killed Prince Ribbit
  7875 | D:6      | Found a hide-covered altar of Uskayaw.
  8108 | D:6      | Found a shimmering altar of Xom.
  8109 | D:6      | Found a shimmering altar of Xom.
  8109 | D:6      | Found a shimmering altar of Xom.
  8109 | D:6      | Found a shimmering altar of Xom.
  8110 | D:6      | Found a shimmering altar of Xom.
  8306 | D:7      | Found Suunuegh's Weapon Shop.
  8330 | D:7      | Reached ** piety under Nemelex Xobeh
  8469 | D:7      | Reached skill level 5 in Invocations
  8469 | D:7      | Reached XP level 9. HP: 40/40 MP: 14/14
  8714 | D:7      | Found a blossoming altar of Fedhas.
  8924 | D:7      | Found a white marble altar of Elyvilon.
  9530 | D:8      | Reached skill level 10 in Stealth
  9974 | D:8      | Noticed a meliai
  9975 | D:8      | Found a large runed translucent door.
  9975 | D:8      | Found a large runed translucent door.
 10306 | D:8      | Noticed Grum
 10308 | D:8      | Killed Grum
 10540 | D:8      | Received a gift from Nemelex Xobeh
 10711 | D:8      | Killed a meliai
 10711 | D:8      | Reached XP level 10. HP: 12/45 MP: 15/15
 11407 | D:8      | Found Fofyufesm's Book Shop.
 11415 | D:8      | Bought a book of Minor Magic for 280 gold pieces
 11418 | D:8      | Learned a level 2 spell: Blink
 11421 | D:8      | Learned a level 2 spell: Call Imp
 11424 | D:8      | Learned a level 2 spell: Slow
 11428 | D:8      | Learned a level 3 spell: Mephitic Cloud
 11450 | D:8      | Noticed Erica
 11461 | D:8      | Killed Erica
 11461 | D:8      | Reached skill level 10 in Dodging
 11619 | D:8      | Reached skill level 5 in Hexes
 11661 | D:8      | Reached skill level 1 in Summonings
 12409 | D:8      | Reached *** piety under Nemelex Xobeh
 12876 | D:8      | Found a shadowy altar of Dithmenos.
 12900 | D:8      | Found a shadowy altar of Dithmenos.
 12900 | D:8      | Noticed a centaur warrior
 12907 | D:8      | Killed a centaur warrior
 12907 | D:8      | Reached skill level 5 in Spellcasting
 13117 | D:9      | Reached skill level 1 in Translocations
 13395 | D:9      | Received a gift from Nemelex Xobeh
 14021 | D:8      | Reached XP level 11. HP: 31/48 MP: 8/19
 14768 | D:8      | Reached skill level 1 in Conjurations
 14768 | D:8      | Reached skill level 1 in Air Magic
 14768 | D:8      | Reached skill level 1 in Poison Magic
 15488 | D:9      | Found a bloodstained altar of Trog.
 15555 | D:9      | Found a staircase to the Lair.
 15586 | Lair:1   | Entered Level 1 of the Lair of Beasts
 15603 | Lair:1   | Noticed a five-headed hydra
 15611 | Lair:1   | Killed a five-headed hydra
 15611 | Lair:1   | Reached skill level 10 in Hexes
 15676 | Lair:1   | Received a gift from Nemelex Xobeh
 16068 | Lair:1   | Reached **** piety under Nemelex Xobeh
 16175 | Lair:1   | Learned a level 3 spell: Confusing Touch
 16282 | Lair:1   | You fall into a shaft and drop 1 floor!
 17137 | Lair:1   | Learned a level 1 spell: Magic Dart
 17514 | Lair:2   | Noticed Gastronok
 17551 | Lair:2   | Killed Gastronok
 17593 | Lair:2   | Noticed a wolf spider
 18429 | Lair:2   | Received a gift from Nemelex Xobeh
 18574 | Lair:2   | Killed a wolf spider
 18637 | Lair:2   | Found a hole to the Spider Nest.
 18952 | Lair:2   | Gained mutation: Your thick and shaggy fur keeps you warm.
                  | (AC +3, rC+) [Felid growth]
 18952 | Lair:2   | Reached XP level 12. HP: 18/52 MP: 12/20
 19183 | Lair:2   | Learned a level 4 spell: Petrify
 19545 | Lair:3   | Received a gift from Nemelex Xobeh
 19676 | Lair:3   | Received a gift from Nemelex Xobeh
 19771 | Lair:3   | Reached ***** piety under Nemelex Xobeh
 20383 | Lair:3   | Reached skill level 1 in Earth Magic
 20688 | Lair:4   | Found a shimmering blue altar of Sif Muna.
 20757 | Lair:4   | Noticed a seven-headed hydra
 20771 | Lair:4   | Killed a seven-headed hydra
 21172 | Lair:4   | Received a gift from Nemelex Xobeh
 21683 | Lair:4   | Found a staircase to the Shoals.
 22827 | Lair:4   | Slain by a blink frog
 22828 | Lair:4   | Reached XP level 11. HP: 0/48 MP: 10/19
 23012 | Lair:4   | Received a gift from Nemelex Xobeh
 23533 | Lair:5   | Received a gift from Nemelex Xobeh
 24749 | Lair:5   | Reached skill level 5 in Earth Magic
 24779 | Lair:5   | Reached XP level 12. HP: 35/52 MP: 8/20
 25336 | Lair:6   | Entered Level 6 of the Lair of Beasts
 25347 | Lair:6   | Found a staircase to the Slime Pits.
 25700 | Lair:6   | Received a gift from Nemelex Xobeh
 26843 | Lair:6   | Noticed a seven-headed hydra
 26853 | Lair:6   | Killed a seven-headed hydra
 27378 | Lair:6   | Received a gift from Nemelex Xobeh
 27417 | Lair:6   | Noticed a death yak
 27417 | Lair:6   | Noticed a death yak
 28038 | Lair:6   | Noticed a ghost moth
 28038 | Lair:6   | a death yak changed into a ghost moth
 28053 | Lair:6   | Killed a ghost moth
 28508 | Lair:6   | Noticed a dire elephant
 28508 | Lair:6   | a death yak changed into a dire elephant
 28732 | Lair:6   | Slain by a dire elephant
 28733 | Lair:6   | Reached XP level 11. HP: 0/50 MP: 21/21
 28782 | Lair:6   | Noticed an azure jelly
 28782 | Lair:6   | a dire elephant changed into an azure jelly
 28791 | Lair:6   | Killed an azure jelly
 28872 | Lair:6   | Noticed a lindwurm
 29092 | Lair:6   | Killed a lindwurm
 29092 | Lair:6   | Reached XP level 12. HP: 27/54 MP: 16/22
 29250 | Lair:6   | Noticed a death yak
 29259 | Lair:6   | Banished a death yak
 29424 | Lair:6   | Noticed a dire elephant
 29435 | Lair:6   | Noticed a minotaur
 29435 | Lair:6   | a dire elephant changed into a minotaur
 29476 | Lair:6   | Killed a minotaur
 30116 | D:5      | Killed Eustachio
 30295 | D:10     | Entered Level 10 of the Dungeon
 30436 | D:10     | Reached skill level 5 in Translocations
 30873 | D:10     | Received a gift from Nemelex Xobeh
 30880 | D:10     | Noticed a centaur warrior
 31517 | D:10     | Killed a centaur warrior
 32160 | D:11     | Found a flickering gateway to a bazaar.
 32169 | Bazaar   | Entered a bazaar
 32169 | Bazaar   | Found Kuih's Antique Armour Shop.
 32171 | Bazaar   | Reached ****** piety under Nemelex Xobeh
 32192 | Bazaar   | Found Cuaw's Antique Weapon Shop.
 32212 | Bazaar   | Found Woix's General Store.
 32220 | Bazaar   | Bought a scroll of fear for 24 gold pieces
 33511 | D:11     | Received a gift from Nemelex Xobeh
 34426 | D:12     | Received a gift from Nemelex Xobeh
 34541 | D:12     | Noticed an eight-headed hydra
 34545 | D:12     | Found a viscous altar of Jiyva.
 34597 | D:12     | Killed an eight-headed hydra
 34954 | D:12     | Reached XP level 13. HP: 58/58 MP: 23/23
 35010 | D:12     | Noticed Rupert
 35030 | D:12     | Killed Rupert
 35147 | D:12     | Found a staircase to the Orcish Mines.
 36013 | Orc:1    | Entered Level 1 of the Orcish Mines
 36082 | Orc:1    | You fall into a shaft and drop 1 floor!
 36082 | Orc:2    | Entered Level 2 of the Orcish Mines
 36128 | Orc:1    | Found a roughly hewn altar of Beogh.
 36132 | Orc:1    | Received a gift from Nemelex Xobeh
 37299 | Orc:1    | You fall into a shaft and drop 1 floor!
 37309 | Orc:2    | Received a gift from Nemelex Xobeh
 38900 | Orc:2    | Received a gift from Nemelex Xobeh
 39211 | Orc:2    | Found Ylutaem's Book Shop.
 39363 | Orc:2    | Found a staircase to the Elven Halls.
 40602 | Orc:2    | Found Hamineo's Book Shoppe.
 40602 | Orc:2    | Found Sanlag's Distillery.
 40607 | Orc:2    | Found Ruckieb's Assorted Antiques.
 40607 | Orc:2    | Found Otaugguf's Jewellery Shoppe.
 40623 | Orc:2    | Bought a book of Party Tricks for 750 gold pieces
 40626 | Orc:2    | Learned a level 1 spell: Apportation
 40633 | Orc:2    | Learned a level 6 spell: Invisibility
 41414 | D:13     | Received a gift from Nemelex Xobeh
 41599 | D:13     | Noticed Snorg
 41639 | D:13     | Killed Snorg
 41639 | D:13     | Reached XP level 14. HP: 53/64 MP: 12/25
 41756 | D:13     | Found a runed translucent gate.
 41756 | D:13     | Found a runed translucent gate.
 41756 | D:13     | Found a runed translucent gate.
 41779 | D:13     | Noticed Faiv's ghost (journeyman DrFE)
 41780 | D:13     | Found an iron altar of Okawaru.
 42423 | D:14     | Found a gate to the Vaults.
 43404 | D:14     | Received a gift from Nemelex Xobeh
 43473 | D:14     | Got an ancient jade ring
 43517 | D:14     | Identified the ring of Daffodils {Wiz *Contam rPois rF+ rC+
                  | Dex+5} (You found it on level 14 of the Dungeon)
 44212 | D:14     | Learned a level 3 spell: Tukima's Dance
 44459 | D:15     | Entered Level 15 of the Dungeon
 44515 | D:15     | Received a gift from Nemelex Xobeh
 44645 | D:15     | Reached skill level 10 in Evocations
 45976 | D:15     | Found a staircase to the Depths.
 46005 | D:15     | Reached skill level 15 in Hexes
 46117 | D:15     | Received a gift from Nemelex Xobeh
 46714 | D:15     | Reached XP level 15. HP: 67/67 MP: 20/29
 47695 | Spider:1 | Entered Level 1 of the Spider Nest
 47710 | Lair:2   | Reached skill level 15 in Stealth
 50557 | Lair:2   | Reached skill level 10 in Unarmed Combat
 50749 | Lair:3   | Learned a level 4 spell: Summon Lightning Spire
 52264 | Spider:1 | Received a gift from Nemelex Xobeh
 52443 | Spider:2 | Reached skill level 10 in Fighting
 53031 | Spider:2 | HP: 3/69 [emperor scorpion (7)]
 54242 | Spider:2 | Received a gift from Nemelex Xobeh
 56047 | Spider:2 | Noticed Frances
 56061 | Spider:2 | Killed Frances
 56892 | Spider:3 | Reached XP level 16. HP: 30/73 MP: 27/30
 57192 | Spider:3 | Reached skill level 10 in Invocations
 58026 | Spider:4 | Entered Level 4 of the Spider Nest
 58026 | Spider:4 | Received a gift from Nemelex Xobeh
 58049 | Spider:4 | Found a frozen archway.
 58053 | IceCv    | Entered an ice cave
 59643 | Spider:4 | Noticed Agnes
 60962 | Spider:4 | Received a gift from Nemelex Xobeh
 61080 | Spider:4 | Killed Agnes
 62008 | Spider:4 | Mangled by a wolf spider
 62009 | Spider:4 | Reached XP level 15. HP: -6/69 MP: 17/29
 62105 | Spider:4 | Noticed a ghost moth
 62128 | Spider:4 | Killed a ghost moth
 62145 | Spider:4 | Received a gift from Nemelex Xobeh
 62150 | Spider:4 | Noticed a ghost moth
 62478 | Spider:4 | Killed a ghost moth
 62823 | Spider:4 | Noticed a ghost moth
 62830 | Spider:4 | Noticed a ghost moth
 62867 | Spider:4 | Killed a ghost moth
 63149 | Spider:4 | Killed a ghost moth
 63359 | Spider:4 | Got a gossamer rune of Zot
 63581 | D:8      | Bought a book of Transfigurations for 770 gold pieces
 63581 | D:8      | Bought a book of Geomancy for 490 gold pieces
 63591 | D:8      | Learned a level 5 spell: Lee's Rapid Deconstruction
 63593 | D:8      | Learned a level 1 spell: Sandblast
 63718 | Shoals:1 | Entered Level 1 of the Shoals
 63722 | Shoals:1 | Reached XP level 16. HP: 73/73 MP: 30/30
 63837 | Shoals:1 | Reached skill level 1 in Transmutations
 64284 | Shoals:1 | Received a gift from Nemelex Xobeh
 64287 | Shoals:1 | Noticed a kraken
 65208 | Shoals:1 | Reached skill level 15 in Dodging
 65227 | Shoals:1 | Hit by a boomerang thrown by a merfolk
 65228 | Shoals:1 | Reached XP level 15. HP: -4/69 MP: 19/29
 65765 | Shoals:2 | Found a flickering gateway to a bazaar.
 65770 | Bazaar   | Entered a bazaar
 65791 | Bazaar   | Found Xiss's Food Boutique.
 65805 | Bazaar   | Found Antalal's Distillery.
 65819 | Bazaar   | Found Wuoh's Food Boutique.
 65833 | Bazaar   | Found Solezewno's Armour Shop.
 65847 | Bazaar   | Found Selywk's Food Boutique.
 65861 | Bazaar   | Found Lonlem's Weapon Shop.
 65946 | Bazaar   | Bought a potion of heal wounds for 65 gold pieces
 66043 | Shoals:2 | Noticed a kraken
 66090 | Shoals:2 | Killed a kraken
 66145 | Shoals:2 | Found a runed translucent door.
 66152 | Shoals:2 | Noticed infcreate's ghost (adept HuBe)
 66197 | Shoals:2 | HP: 3/69 [shot self (24)]
 66197 | Shoals:2 | Killed themself with a badly aimed burst of rock shards

Illustrated notes

Levels and vault maps discovered:
D:1:      heliophobic_arrival_dark_side_of_the_moon, layout_basic,
          serial_forest, infiniplex_forest_straight_4,
          infiniplex_forest_clump_tiny, infiniplex_forest_end_2,
          infiniplex_forest_zigzag_1, infiniplex_forest_lined_room_2,
          infiniplex_forest_lined_3, infiniplex_forest_lined_3,
          infiniplex_forest_straight_2
D:2:      layout_basic, grunt_temple_overflow_open
D:3:      layout_rooms
D:4:      layout_basic, serial_shops, kennysheep_mini, dk_noncrumbling_2,
          uniq_edmund, uniq_pikel, uniq_menkaure
D:5:      layout_loops_ring, lemuel_doored_altar,
          gammafunk_temple_overflow_statue, first_ration,
          hangedman_decor_peaks_small, st_stairs_6, minmay_crystal_room,
          uniq_sigmund, uniq_duvessa
D:6:      layout_basic, eat_drink_and_be_merry_uskayaw, xom_redecorated,
          minmay_temple_entry_glassed_door, corexii_leaking_fountain,
          uniq_prince_ribbit1, uniq_eustachio
D:7:      layout_basic, elyvilon_altar_5, lemuel_crystal_altar, serial_shops,
          kennysheep_mini_moat, minmay_fire_ice_demons
D:8:      layout_loops_corners, serial_shops, shop, jmf_multi_god_temple2,
          uniq_erica, uniq_grum
D:9:      layout_irregular_city, lightli_temple_of_fire,
          grunt_lair_entry_orc_guard_hut, grunt_livestock
D:10:     minmay_bloctagon, layout_small_grid
D:11:     kennysheep_seaside_town, layout_rooms, serial_shops, bzr_in_the_mist,
          gauntlet_entry_generic, serial_undead, serial_undead_f,
          serial_undead_d, serial_undead_f, serial_undead_e
D:12:     layout_rooms, david_orc_3, jiyva_altar_1, uniq_rupert
D:13:     layout_basic, gammafunk_ghost_fury_of_okawaru, uniq_snorg
D:14:     layout_loops_ring, erik_vaults_2, dk_noncrumbling_4, minivault_16,
          drop_trap
D:15:     gammafunk_depths_entry_grave, layout_rooms
Temple:   pf_slime_end_temple
Lair:1:   layout_small_grid, infiniplex_staircase_pool
Lair:2:   statuecave_lemuel, layout_layer_cave, spider_nest_entry_funnel_web,
          grunt_megastairs_5, lemuel_fruit_fields, uniq_gastronok
Lair:3:   layout_regular_city, minivault_19, serial_bayou_shore_a
Lair:4:   layout_regular_city, minmay_shoals_entry_centaurs, basic_altar,
          st_stairs_11
Lair:5:   layout_cave_pods, minivault_23, nicolae_quartered_pool_little,
          fungi_pond_lemuel, infiniplex_staircase_pool_2
Lair:6:   hangedman_lair_in_review, layout_long_grid,
          nicolae_slime_entry_slimehenge, serial_bayou_pond_b
Shoals:1: layout_shoals
Shoals:2: layout_shoals, serial_shops, bzr_entry_road,
          ebering_ghost_reflecting_pool
Spider:1: layout_spider_delve, einodemon_crawler_minivault
Spider:2: spiders_nest_scorpion_pit, hangedman_spider_tarantella_strand,
          uniq_frances
Spider:3: layout_spider_delve
Spider:4: spider_rune_water, portal_ice_cave_entry_pillars_1, uniq_agnes
Orc:1:    nicolae_orc_accident_2, layout_diamond_mine
Orc:2:    grunt_orc_tribal_feast, layout_caves, serial_shops,
          nicolae_shop_behind_doors, mines2_lemuel

Skill      XL: |  1  2  3  4  5  6  7  8  9 10 11 12 13 14 15 16 |
---------------+-------------------------------------------------+-----
Dodging        | 3 6 8 9 10 11 12 14 15 | 15.0
Stealth        | 2 3 5 6 7 10 13 14 16 | 16.0
Invocations    | 1 2 3 5 7 8 9 10 | 10.0
Spellcasting   | 1 3 5 6 7 9 |  9.0
Fighting       | 2 3 5 4 6 8 9 10 | 10.0
Unarmed Combat | 2 3 4 6 7 8 9 10 | 10.0
Evocations     | 4 6 7 9 10 11 | 11.0
Hexes          | 8 11 12 13 15 16 | 16.0
Summonings     | 3 |  3.0
Translocations | 2 5 |  5.0
Conjurations   | 3 4 |  4.0
Air Magic      | 3 4 |  4.0
Poison Magic   | 3 4 |  4.0
Earth Magic    | 5 3 9 |  9.0
Transmutations | 3 2 |  3.9

Action                   |  1- 3 |  4- 6 |  7- 9 | 10-12 | 13-15 | 16-18 || total
-------------------------+-------+-------+-------+-------+-------+-------++-------
Melee: Unarmed           |   122 |    91 |   407 |  1406 |  1525 |   401 ||  3952
       Bite              |    13 |     8 |    37 |   190 |   216 |    51 ||   515
       Punch             |     1 |       |     7 |    50 |    83 |    17 ||   158
 Cast: Slow              |       |       |       |   300 |   297 |    67 ||   664
       Call Imp          |       |       |       |    50 |     9 |       ||    59
       Mephitic Cloud    |       |       |       |    32 |    31 |     2 ||    65
       Confusing Touch   |       |       |       |   148 |   196 |    41 ||   385
       Magic Dart        |       |       |       |    39 |    49 |     1 ||    89
       Blink             |       |       |       |    23 |   119 |    36 ||   178
       Invisibility      |       |       |       |       |    39 |    16 ||    55
       Petrify           |       |       |       |       |    24 |     5 ||    29
       Apportation       |       |       |       |       |    10 |     3 ||    13
       Summon Lightning  |       |       |       |       |     9 |    25 ||    34
       Sandblast         |       |       |       |       |     5 |     8 ||    13
       Tukima's Dance    |       |       |       |       |     2 |     1 ||     3
       Lee's Rapid Decon |       |       |       |       |     1 |     5 ||     6
Invok: Draw Summoning    |       |     1 |       |     5 |    16 |       ||    22
       Draw Destruction  |       |       |     7 |    21 |    18 |     2 ||    48
       Draw Escape       |       |       |       |     2 |     7 |     6 ||    15
       Triple Draw       |       |       |       |       |       |     1 ||     1
Evoke: Wand              |     4 |     9 |    21 |    25 |    27 |    12 ||    98
       Box of beasts     |       |       |       |       |     1 |       ||     1
  Use: Scroll            |     4 |       |     3 |    14 |     8 |     4 ||    33
       Potion            |       |       |       |     1 |     5 |     1 ||     7
 Stab: Sleeping          |     5 |     1 |    24 |    38 |    59 |    33 ||   160
       Distracted        |       |       |     5 |       |     1 |       ||     6
       Confused          |       |       |       |   130 |   201 |    24 ||   355
       Paralysed         |       |       |       |     1 |       |       ||     1
       Invisible         |       |       |       |       |   123 |    48 ||   171
       Petrified         |       |       |       |       |     7 |       ||     7
  Eat: Chunk             |     9 |     2 |    21 |    72 |    72 |    33 ||   209
Armor: Skin              |     7 |    10 |    32 |    35 |    40 |    13 ||   137
Dodge: Dodged            |    68 |    65 |   317 |   854 |  1270 |   320 ||  2894
